 Dungeon Crawl Stone Soup version 0.24-a0-284-g9fb9971df1 (webtiles) character file.

Game seed: 11339323917132401992

11 HAL9000 the Sneak (level 2, -6/15 HPs)
             Began as a Vine Stalker Assassin on May 4, 2019.
             Mangled by a gnoll
             ... wielding a +0 flail
              (13 damage)
             ... on level 1 of the Dungeon.
             The game lasted 00:00:33 (499 turns).

HAL9000 the Sneak (Vine Stalker Assassin)            Turns: 499, Time: 00:00:34

Health: -6/15      AC:  4    Str: 13    XL:     2   Next: 25%
Magic:  0/3        EV: 11    Int: 11    God:
Gold:   42         SH:  0    Dex: 15    Spells: 1/1 levels left

rFire    . . .     SeeInvis .   a - +2 dagger
rCold    . . .     Gourm    .   (no shield)
rNeg     . . .     Faith    .   c - +0 robe
rPois    .         Spirit   +   (no helmet)
rElec    .         Reflect  .   d - +0 cloak
rCorr    .         Harm     .   h - +0 pair of gloves
MR       .....                  (no boots)
Stlth    +++.......             (no amulet)
HPRegen  0.05/turn              (no ring)
MPRegen  0.08/turn              (no ring)

@: no status effects
A: fangs 2, magic shield, antimagic bite, no potion heal 3, rot immunity
a: no special abilities


You were on level 1 of the Dungeon.
You were not hungry.

You visited 1 branch of the dungeon, and saw 1 of its levels.

You collected 42 gold pieces.

Inventory:

Hand Weapons
 a - a +2 dagger (weapon)
 b - a +0 blowgun
Missiles
 e - 8 poisoned needles
 f - 2 curare-tipped needles
Armour
 c - a +0 robe (worn)
 d - a +0 cloak (worn)
 h - a +0 pair of gloves (worn)
Scrolls
 i - a scroll of teleportation {unknown}
 j - a scroll of magic mapping {unknown}
Potions
 l - a potion of mutation {unknown}
Comestibles
 g - a ration
 k - 3 chunks of flesh


   Skills:
 - Level 1.7 Fighting
 + Level 2.0 Short Blades
 - Level 1.7 Throwing
 - Level 0.7 Dodging
 + Level 5.4 Stealth


You had one spell level left.
You didn't know any spells.
Your spell library was empty.

Dungeon Overview and Level Annotations

Branches:
Dungeon (1/15)

Altars:


Innate Abilities, Weirdness & Mutations

You have extremely sharp teeth.
When hurt, damage is shared between your health and your magic reserves.
Your bite disrupts and absorbs the magic of your enemies.
Potions cannot restore your health.
You are immune to rotting.


Message History

The gnoll shouts!
The gnoll misses you.
You hit the gnoll.
The gnoll is moderately wounded.
The gnoll hits you with a +0 flail.
You hit the gnoll. You bite the gnoll, but do no damage.
The gnoll is heavily wounded.
The dart slug launches a dart at you. The slug dart misses you.
You barely miss the gnoll.
The gnoll is heavily wounded.
The gnoll hits you with a +0 flail.
You hit the gnoll. Your bite misses the gnoll.
The gnoll is severely wounded.
The gnoll closely misses you.
You hit the gnoll.
The gnoll is almost dead.
The gnoll hits you with a +0 flail!
Ouch! That really hurt!
You die...

.##.# #.#[# #..#.###
....##.#.# #.......
#..#.#.# #..#.###
##...#.## #..#.#..
#.#.....###..#.#.#
#..#.........#....
#..#....###...>...
#..#.#.## ##......
######@.#...# #.###..
#....g#.#†#######.###..
#..#..†..##.##...##......
#..#######.)#...########
## ..............######
####.......†........
####.......######
###...### #..>#


You could see a gnoll.

Vanquished Creatures
  A giant cockroach (D:1)
  2 hobgoblins (D:1)
  2 bats (D:1)
  A frilled lizard (D:1)
  2 goblins (D:1)
  A kobold (D:1)
  3 rats (D:1)
12 creatures vanquished.

Notes
Turn   | Place    | Note
-------+----------+-------------------------------------------
     0 | D:1      | HAL9000 the Vine Stalker Assassin began the quest for the
                  | Orb.
     0 | D:1      | Reached XP level 1. HP: 11/11 MP: 2/2
    56 | D:1      | Reached skill level 5 in Stealth
   430 | D:1      | Reached XP level 2. HP: 15/15 MP: 3/3
   499 | D:1      | Mangled by a gnoll

Levels and vault maps discovered:
D:1:      denvon_arrival_hothouse, layout_loops_ring, minmay_misc_feat_columns,
          minmay_3d_cube

Skill      XL: |  1  2 |
---------------+-------+-----
Stealth        | 5 |  5.4
Short Blades   | 2 |  2.0
Fighting       | |  1.7
Throwing       | |  1.7
Dodging        | |  0.7

Action                   || total
-------------------------++-------
Melee: Dagger            ||    34
       Bite              ||     7
 Stab: Sleeping          ||     3
Armor: Robe              ||    10
Dodge: Dodged            ||    19

Table legend:
 A = Non-vault XP
 B = Vault XP
 C = Vault XP percentage of total XP
 D = Non-vault monster count
 E = Vault monster count
 F = Vault count percentage of total count
                 A         B        C        D         E       F
            +---------+---------+-------+---------+---------+-------
      Total |      15 |       1 |   6.2 |      11 |       1 |   8.3
            +---------+---------+-------+---------+---------+-------
        D:1 |      15 |       1 |   6.2 |      11 |       1 |   8.3
            +---------+---------+-------+---------+---------+-------
